 Dungeon Crawl Stone Soup version 0.20-a0-927-g1ae2c61 (webtiles) character file.

164 Lifeless the Shield-Bearer (level 5, -5/46 HPs)
             Began as a Minotaur Fighter on Mar 29, 2017.
             Killed by nerve-wracking pain
             ... invoked by Grinder
              (11 damage)
             ... on level 2 of the Dungeon.
             The game lasted 00:09:33 (2530 turns).

Lifeless the Shield-Bearer (Minotaur Fighter)       Turns: 2530, Time: 00:09:34

Health: -5/46      AC: 12    Str: 26    XL:     5   Next: 21%
Magic:  4/4        EV:  3    Int:  5    God:
Gold:   47         SH: 15    Dex: 10    Spells: 4/4 levels left

rFire    . . .     SeeInvis .   a - +0 long sword
rCold    . . .     Gourm    .   s - +0 large shield
rNeg     . . .     Faith    .   q - +0 plate armour
rPois    .         Spirit   .   (helmet restricted)
rElec    .         Reflect  .   (no cloak)
rCorr    .         Harm     .   (no gloves)
MR       .....                  (no boots)
Stlth    ..........             (no amulet)
Regen    0.2/turn               (no ring)
MPRegen  0.1/turn               (no ring)

@: mighty
A: retaliatory headbutt, horns 2
a: no special abilities


You were on level 2 of the Dungeon.
You were not hungry.

You visited 1 branch of the dungeon, and saw 3 of its levels.

You collected 47 gold pieces.

Inventory:

Hand Weapons
 a - a +0 long sword (weapon)
Armour
 b - a +1 scale mail of magic resistance
 q - a +0 plate armour (worn)
 s - a +0 large shield (worn)
Jewellery
 o - an uncursed ring of fire
Scrolls
 c - a scroll of remove curse {unknown}
 i - 2 scrolls of magic mapping {unknown}
 k - 4 scrolls of identify
 n - 2 scrolls of blinking {unknown}
 p - 2 scrolls of random uselessness {unknown}
 r - a scroll of immolation {unknown}
Potions
 e - a potion of heal wounds {unknown}
 h - 2 potions of agility {unknown}
 j - 2 potions of berserk rage {unknown}
 l - 2 potions of curing {unknown}
 m - a potion of resistance {unknown}
Comestibles
 f - 4 bread rations
 g - 2 meat rations
 t - 2 chunks of flesh


   Skills:
 + Level 4.3 Fighting
 + Level 3.9 Long Blades
 + Level 4.7 Armour
 + Level 1.2 Dodging
 + Level 4.8 Shields


You had 4 spell levels left.
You didn't know any spells.

Dungeon Overview and Level Annotations

Branches:
Dungeon (3/15)

Altars:

Annotations:
D:3 Grinder


Innate Abilities, Weirdness & Mutations

You reflexively headbutt those who attack you in melee.
You have a pair of horns on your head.


Message History

You writhe in agony.
Something hits you.
* * * LOW HITPOINT WARNING * * *
You writhe in agony.
* * * LOW HITPOINT WARNING * * *
You miss something. Your headbutt misses something.
Something tries to affect you, but you resist.
You closely miss something.
Found a stone staircase leading up.
Something hits you.
* * * LOW HITPOINT WARNING * * *
You writhe in agony.
* * * LOW HITPOINT WARNING * * *
Something tries to affect you, but you resist.
Something hits you but does no damage.
There is a stone staircase leading up here.
You block something's attack.
You climb upwards.
There is a stone staircase leading down here.
Pain shoots through your body!
You die...

#####################
#.......##...........
#.......##...........
#.......##...........
#.......)'...........
#.......##..†........
#...@...#####.#######
#.......#####.#######
#..{.................
#.......#####.#######
#.......#####.#######
#..>................#
#.......#####........
######### #######.#
#.#


There were no monsters in sight!

Vanquished Creatures
  Jessica (D:2)
  Terence (D:2)
  2 river rats (D:3)
  An adder (D:3)
  An ooze (D:1)
  A worm (D:2)
  3 dart slugs
  2 leopard geckos
  7 bats
  3 giant cockroaches
  4 goblins
  4 hobgoblins
  18 jackals
  7 kobolds
  3 ball pythons (D:2)
  3 frilled lizards
  7 rats
68 creatures vanquished.

Notes
Turn   | Place    | Note
-------+----------+-------------------------------------------
     0 | D:1      | Lifeless the Minotaur Fighter began the quest for the Orb.
     0 | D:1      | Reached XP level 1. HP: 19/19 MP: 0/0
    51 | D:1      | Reached XP level 2. HP: 20/27 MP: 1/1
   647 | D:1      | Reached XP level 3. HP: 33/33 MP: 2/2
  1242 | D:2      | Noticed Terence
  1246 | D:2      | Noticed Jessica
  1254 | D:2      | Killed Terence
  1254 | D:2      | Reached XP level 4. HP: 39/40 MP: 3/3
  1276 | D:2      | Killed Jessica
  1845 | D:3      | Reached skill level 1 in Dodging
  1845 | D:3      | Reached XP level 5. HP: 23/46 MP: 4/4
  2496 | D:3      | Noticed Grinder
  2500 | D:3      | Paralysed by something for 5 turns
  2530 | D:2      | Killed from afar by Grinder

Vault maps used:
D:1:      tarquinn_simple_flora_water_a
D:2:      uniq_terence, uniq_jessica
D:3:      first_bread, gup_sewer_entry_bowl, uniq_grinder

Skill      XL: |  1  2  3  4 |
---------------+-------------+-----
Shields        | 4 |  4.8
Armour         | 4 |  4.7
Fighting       | 4 |  4.3
Long Blades    | 3 |  3.9
Dodging        | 1 |  1.2

Action                   |  1- 3 |  4- 6 || total
-------------------------+-------+-------++-------
Melee: Long sword        |   116 |   127 ||   243
       Headbutt          |    20 |    16 ||    36
  Use: Scroll            |       |     2 ||     2
       Potion            |       |     1 ||     1
  Eat: Chunk             |     1 |     5 ||     6
Armor: Scale mail        |    52 |       ||    52
       Plate armour      |     4 |    61 ||    65
Dodge: Dodged            |    29 |     6 ||    35
Block: Shield            |    72 |    10 ||    82
       Large shield      |       |    93 ||    93
       Rpst.: Long sword |    11 |     1 ||    12
